 Dungeon Crawl Stone Soup version 0.20-a0-1116-gaa52201 (webtiles) character file.

47 Rrauwl the Skirmisher (level 3, -2/41 HPs)
             Began as an Ogre Monk on May 7, 2017.
             Slain by a kobold (4 damage)
             ... in a sewer.
             The game lasted 00:03:00 (936 turns).

Rrauwl the Skirmisher (Ogre Monk)                    Turns: 936, Time: 00:03:00

Health: -2/41      AC:  4    Str: 15    XL:     3   Next: 70%
Magic:  3/3        EV: 11    Int: 11    God:
Gold:   115        SH:  0    Dex: 12    Spells: 2/2 levels left

rFire    . . .     SeeInvis .   a - +0 mace
rCold    . . .     Gourm    .   (no shield)
rNeg     . . .     Faith    .   b - +0 robe
rPois    .         Spirit   .   (helmet restricted)
rElec    .         Reflect  .   f - +0 cloak
rCorr    .         Harm     .   (gloves unavailable)
MR       .....                  (boots unavailable)
Stlth    ++........             (no amulet)
Regen    0.2/turn               (no ring)
MPRegen  0.1/turn               (no ring)

@: no status effects
A: unfitting armour, tough skin 1
a: no special abilities


You were in a sewer.
You were not hungry.

You visited 1 branch of the dungeon, and saw 3 of its levels.
You also visited: Sewer.

You collected 115 gold pieces.

Inventory:

Hand Weapons
 a - a +0 mace (weapon)
Armour
 b - a +0 robe (worn)
 f - a +0 cloak (worn)
Scrolls
 d - a scroll of fog {unknown}
 e - 3 scrolls of remove curse {unknown}
 h - a scroll of teleportation {unknown}
Comestibles
 c - 2 bread rations
 g - 7 chunks of flesh


   Skills:
 + Level 4.8 Fighting
 + Level 3.3 Maces & Flails
 + Level 3.1 Dodging
 - Level 1.4 Stealth


You had 2 spell levels left.
You didn't know any spells.

Dungeon Overview and Level Annotations

Branches:
Dungeon (2/15)

Altars:
Ashenzari

Annotations:
D:2 Robin


Innate Abilities, Weirdness & Mutations

You are too large for most types of armour.
You have tough skin. (AC +1)


Message History

The kobold misses you.
The kobold throws a stone.
The stone hits you but does no damage.
There is a large open door here.
Items here: (( ))) † The kobold barely misses you.
Things that are here:
a dagger; a poisoned needle; a kobold corpse You hit the kobold but do no damage.
The kobold hits you but does no damage.
You barely miss the kobold. The kobold barely misses you.
You hit the kobold but do no damage. The kobold hits you.
* * * LOW HITPOINT WARNING * * *
The kobold barely misses you.
You closely miss the kobold. The kobold hits you.
* * * LOW HITPOINT WARNING * * *
You closely miss the kobold. The kobold barely misses you.
You closely miss the kobold. The kobold hits you.
* * * LOW HITPOINT WARNING * * *
You closely miss the kobold. The kobold closely misses you.
The kobold hits you.
You die...

###### ### ##.....##.#
..........########
............#...!#####
.P..........'..!.#.∩.#
......≈≈P≈K@(..∩.#.∩.#
......≈P≈≈P.#!..!#...#
########≈≈########'###
≈≈≈≈≈≈≈≈≈≈≈≈≈≈≈≈≈≈≈#
≈≈≈≈≈≈≈≈≈≈≈≈≈≈≈≈≈≈≈#
≈≈≈≈≈≈≈≈≈≈≈≈≈≈≈≈≈≈≈#
≈≈≈#################
P≈≈ .≈


You could see a kobold.

Vanquished Creatures
  3 dart slugs (D:1)
  A leopard gecko (D:1)
  6 bats (D:1)
  4 giant cockroaches (D:1)
  6 goblins (D:1)
  2 hobgoblins (D:1)
  7 kobolds
  A ball python (Sewer)
  4 frilled lizards
  6 rats
40 creatures vanquished.

Notes
Turn   | Place    | Note
-------+----------+-------------------------------------------
     0 | D:1      | Rrauwl the Ogre Monk began the quest for the Orb.
     0 | D:1      | Reached XP level 1. HP: 24/24 MP: 1/1
    78 | D:1      | Reached XP level 2. HP: 32/32 MP: 2/2
   439 | D:1      | Reached XP level 3. HP: 40/40 MP: 3/3
   745 | D:2      | Noticed Robin
   850 | D:2      | Found a shattered altar of Ashenzari.
   874 | D:2      | You fall through a shaft!
   875 | D:3      | Found a glowing drain.
   883 | Sewer    | Entered a sewer
   925 | Sewer    | HP: 1/40 [kobold (3)]
   935 | Sewer    | HP: 2/41 [kobold (4)]
   936 | Sewer    | Slain by a kobold

Vault maps used:
D:1:      doesnt_arrival_eight_statues, minmay_split_cup_small
D:2:      nicolae_ashenzari_panopticon, lemuel_crystal_altar, first_bread,
          uniq_robin
D:3:      lemuel_coloured_pillars_altar, cheibrodos_sewer_entry_bend,
          nicolae_ru_sacrificial_ziggurat
Sewer:    kennysheep_pipe_town

Skill      XL: |  1  2  3 |
---------------+----------+-----
Maces & Flails | 3 |  3.3
Dodging        | 3 |  3.1
Fighting       | |  4.8
Stealth        | |  1.4

Action                   || total
-------------------------++-------
Melee: Mace              ||   114
  Use: Potion            ||     1
 Stab: Sleeping          ||     4
Armor: Robe              ||    48
Dodge: Dodged            ||    98
